 Dungeon Crawl Stone Soup version 0.22-a0-880-gb7b0c8b (webtiles) character file.

1153 iamserjio the Chiller (level 8, 0/62 HPs)
             Began as a Barachi Ice Elementalist on July 30, 2018.
             Slain by a worker ant (3 damage)
             ... on level 4 of the Dungeon.
             The game lasted 00:25:41 (2332 turns).

iamserjio the Chiller (Barachi Ice Elementalist)    Turns: 2332, Time: 00:25:42

Health: 0/62       AC:  6    Str:  9    XL:     8   Next: 38%
Magic:  2/16       EV: 13    Int: 19    God:
Gold:   189        SH:  0    Dex: 12    Spells: 6/18 levels left

rFire    . . .     SeeInvis +   C - +3 flail (protect)
rCold    + . .     Gourm    .   (no shield)
rNeg     . . .     Faith    .   s - +2 robe {rC+}
rPois    .         Spirit   .   u - +2 hat {SInv}
rElec    .         Reflect  .   (no cloak)
rCorr    .         Harm     .   (no gloves)
MR       .....                  (no boots)
Stlth    ++........             r - amulet of the acrobat
HPRegen  0.20/turn              l - ring of flight
MPRegen  0.15/turn              (no ring)

@: lethally poisoned (0 -> -8), can't hop, slow
A: +LOS, swims, slowness 1, strong legs 1
a: Hop, Evoke Flight


You were on level 4 of the Dungeon.
You were hungry.

You visited 1 branch of the dungeon, and saw 5 of its levels.
You also visited: Ossuary.

You collected 189 gold pieces.

Inventory:

Hand Weapons
 b - a +0 hand axe
 d - a +3 hand axe
 e - a cursed -1 flail
 f - a +1 mace
 g - a +1 hunting sling of velocity
 p - a +0 hunting sling
 t - a +0 hunting sling
 v - a +0 flail
 x - a +1 falchion of flaming
 C - a +3 flail of protection (weapon)
Missiles
 n - 2 needles of sleeping {!f}
 o - 33 arrows
Armour
 a - a +0 robe
 j - a +0 helmet
 k - +0 storm dragon scales
 s - a +2 robe of cold resistance (worn)
 u - a +2 hat of see invisible (worn)
 w - a +3 scale mail
 y - a cursed +0 ring mail
Jewellery
 l - a ring of flight (left hand)
 r - an amulet of the acrobat (around neck)
Scrolls
 i - 3 scrolls of enchant weapon
 m - a scroll of enchant armour
 q - a scroll of magic mapping
 z - 3 scrolls of teleportation
 B - 2 scrolls of noise {unknown}
 E - 2 scrolls of remove curse {unknown}
 J - a scroll of identify {@r1}
Potions
 h - 3 potions of brilliance
 A - 2 potions of might {unknown}
 D - a potion of degeneration {unknown}
 F - a potion of berserk rage {unknown}
 G - a potion of invisibility {unknown}
 H - a potion of flight {unknown}
Comestibles
 c - 11 rations
 I - a chunk of flesh


   Skills:
 + Level 5.2 Fighting
 + Level 2.7 Dodging
 - Level 1.7 Stealth
 + Level 5.8 Spellcasting
 - Level 1.1 Conjurations
 - Level 2.0 Charms
 - Level 5.2 Summonings
 - Level 6.0 Ice Magic


You had 6 spell levels left.
You knew the following spells:

 Your Spells              Type           Power        Failure   Level  Hunger
a - Freeze                Ice            ####         1%          1    None
b - Ozocubu's Armour      Chrm/Ice       ###.....     7%          3    ##.....
c - Summon Ice Beast      Ice/Summ       ####....     12%         4    ####...
d - Throw Icicle          Conj/Ice       ###.....     26%         4    ####...

Your spell library contained the following spells:

 Spells                   Type           Power        Failure   Level  Hunger
 Throw Frost              Conj/Ice       ###...       4%          2    None


Dungeon Overview and Level Annotations

Branches:
Dungeon (5/15)
 Temple: D:4-7

Altars:
Ashenzari
Dithmenos
Elyvilon
Makhleb
Trog


Innate Abilities, Weirdness & Mutations

Shadows flee at your approach. (+LOS)
You can swim through water.
You cover ground slowly.
You can hop short distances.


Message History

You feel sick.
The worker ant bites you but does no damage.
Your ice beast hits the gnoll.
Your ice beast freezes the gnoll.
The gnoll dies!
The sky beast hits your ice beast but does no damage.
Your icy armour cracks and falls away as you move.
You climb upwards.
There is a stone staircase leading down here.
Casting: Ozocubu's Armour (safe; 7% risk of failure)
Confirm with . or Enter, or press ? or * to list all spells.
Aiming: Freeze (safe; 1% risk of failure)
Press: ? - help, Shift-Dir - straight line, f - worker ant
Aim: a worker ant You freeze the worker ant.
The worker ant is heavily wounded.
You feel sick. The worker ant bites you.
* * * LOW HITPOINT WARNING * * *
You are lethally poisoned!
The worker ant poisons you! The worker ant bites you.
You die...

..#........#.#.#.....# .
#........#'#.#...#.# .
#............#...#.#
#.#'#.#......#...# #
#.#.#........#...#
###.#.#.##.#.#.#...#
...........[...#...# #.#
..#.#......#.#.#...# #.#
................@..# #.#
..#............#.a.# #.#
######.....#.#.....# #.#
.....#........#..###.#.#
.....#........'......#.#
.....#........##..####.###
.....#####....##..##.....#
.........#....###.##.#.#.#
.........###.......#.#.#.#


You could see a worker ant.

Vanquished Creatures
  A wraith (Ossuary)
  Eustachio (D:4)
  A phantom (D:4)
  Blork the orc (D:4)
  A wight (Ossuary)
  A hound (D:5)
  4 orc wizards (D:4)
  A worker ant (D:2)
  A howler monkey skeleton (D:4)
  4 adders
  7 gnolls
  An ooze (D:3)
  A worm (D:3)
  A dart slug (D:1)
  A leopard gecko (D:4)
  7 orcs
  13 giant cockroaches
  6 goblins
  8 hobgoblins
  2 quokkas
  A ball python (D:3)
  2 ball python skeletons (Ossuary)
  4 bats
  7 frilled lizards
  A hobgoblin skeleton (Ossuary)
  5 kobolds
  2 kobold zombies (Ossuary)
  2 orc skeletons (Ossuary)
  2 orc zombies (Ossuary)
  6 rats
95 creatures vanquished.

Vanquished Creatures (collateral kills)
  Edmund (D:4)
  An orc warrior (D:4)
  2 ogres (D:5)
  2 wights (Ossuary)
  A hound (D:4)
  A gnoll shaman (D:5)
  An orc wizard (D:4)
  2 worker ants
  2 gnolls (D:5)
  A leopard gecko (D:4)
  5 orcs (D:4)
  A quokka (D:5)
  A frilled lizard (D:4)
21 creatures vanquished.

Grand Total: 116 creatures vanquished

Notes
Turn   | Place    | Note
-------+----------+-------------------------------------------
     0 | D:1      | iamserjio the Barachi Ice Elementalist began the quest for the Orb.
     0 | D:1      | Reached XP level 1. HP: 13/13 MP: 3/3
    58 | D:1      | Reached skill level 4 in Ice Magic
   106 | D:1      | Reached XP level 2. HP: 14/19 MP: 3/5
   380 | D:2      | Reached skill level 5 in Ice Magic
   380 | D:2      | Reached XP level 3. HP: 11/24 MP: 1/6
   419 | D:2      | Learned a level 3 spell: Ozocubu's Armour
   611 | D:2      | Found a faded altar of an unknown god.
   611 | D:2      | Found a faded altar of an unknown god.
   617 | D:2      | Found a bloodstained altar of Trog.
   619 | D:2      | Found a shadowy altar of Dithmenos.
   620 | D:2      | Found a shattered altar of Ashenzari.
   625 | D:2      | Reached XP level 4. HP: 31/31 MP: 5/7
   703 | D:2      | Reached skill level 1 in Fighting
   837 | D:2      | Found a white marble altar of Elyvilon.
  1035 | D:3      | Learned a level 4 spell: Summon Ice Beast
  1065 | D:3      | Reached XP level 5. HP: 26/38 MP: 7/9
  1179 | D:3      | Reached skill level 1 in Summonings
  1191 | D:3      | Reached skill level 6 in Ice Magic
  1275 | D:4      | Noticed Edmund
  1490 | D:4      | Found a sand-covered staircase.
  1497 | Ossuary  | Entered an ossuary
  1571 | Ossuary  | Reached XP level 6. HP: 23/44 MP: 5/11
  1592 | Ossuary  | Noticed a wraith
  1592 | Ossuary  | Noticed a flying skull
  1598 | Ossuary  | Noticed a flying skull
  1609 | Ossuary  | Noticed a flying skull
  1631 | Ossuary  | Noticed a flying skull
  1637 | Ossuary  | Noticed a wraith
  1651 | Ossuary  | Killed a wraith
  1658 | Ossuary  | Noticed a flying skull
  1665 | Ossuary  | Noticed a wraith
  1790 | D:4      | Noticed an orc warrior
  1802 | D:4      | Killed an orc warrior
  1802 | D:4      | Reached skill level 5 in Summonings
  1802 | D:4      | Reached XP level 7. HP: 17/50 MP: 1/13
  1804 | D:4      | Noticed Eustachio
  1821 | D:4      | Killed Eustachio
  1907 | D:4      | Reached skill level 5 in Spellcasting
  1911 | D:4      | Killed Edmund
  2046 | D:4      | Noticed Blork the orc
  2052 | D:4      | Reached XP level 8. HP: 39/61 MP: 6/15
  2076 | D:4      | Killed Blork the orc
  2076 | D:4      | Reached skill level 1 in Charms
  2272 | D:4      | Learned a level 4 spell: Throw Icicle
  2273 | D:5      | Entered Level 5 of the Dungeon
  2273 | D:5      | Found a burning altar of Makhleb.
  2281 | D:5      | Reached skill level 5 in Fighting
  2332 | D:4      | HP: 3/62 [worker ant (2)]
  2332 | D:4      | Slain by a worker ant

Vault maps used:
D:1:      lightli_arrival_quake, minivault_11
D:2:      minmay_roachtagon, elyvilon_altar_5,
          chequers_temple_overflow_minitemple, first_ration
D:4:      chequers_ossuary_entry_cave, uniq_eustachio, uniq_blork_the_orc,
          uniq_edmund
D:5:      basic_altar, hangedman_minor_gate_pass
Ossuary:  ossuary_due_cavern

Skill      XL: |  1  2  3  4  5  6  7  8 |
---------------+-------------------------+-----
Ice Magic      | 4 5 6 |  6.0
Fighting       | 1 2 4 5 |  5.2
Summonings     | 3 5 |  5.2
Spellcasting   | 3 4 5 |  5.8
Charms         | 2 |  2.0
Dodging        | |  2.7
Stealth        | |  1.7
Conjurations   | |  1.1

Action                   |  1- 3 |  4- 6 |  7- 9 || total
-------------------------+-------+-------+-------++-------
Melee: Hand axe          |     4 |       |       ||     4
       Mace              |     5 |   120 |    14 ||   139
       Flail             |       |       |    36 ||    36
 Fire: Hunting sling     |       |       |    19 ||    19
Throw: Stone             |       |     1 |       ||     1
 Cast: Freeze            |    29 |    67 |    12 ||   108
       Summon Ice Beast  |       |     5 |    12 ||    17
       Ozocubu's Armour  |       |     2 |     3 ||     5
 Abil: Hop               |     1 |     3 |     2 ||     6
Evoke: Wand              |       |     5 |     7 ||    12
  Use: Scroll            |       |     9 |     1 ||    10
       Potion            |       |     6 |     1 ||     7
 Stab: Sleeping          |       |     2 |       ||     2
       Distracted        |       |       |     1 ||     1
  Eat: Chunk             |       |     3 |     3 ||     6
       Ration            |       |     1 |       ||     1
Armor: Robe              |     5 |    50 |    35 ||    90
Dodge: Dodged            |    18 |   149 |    67 ||   234

Table legend:
 A = Spawn XP
 B = Non-spawn XP
 C = Spawn XP percentage of total XP
 D = Spawn monster count
 E = Non-spawn monster count
 F = Spawn count percentage of total count
 G = Total turns spent on level
                    A         B        C        D         E        F      G
               +---------+---------+-------+---------+---------+-------+---------
         Total |       0 |    1648 |   0.0 |       0 |     116 |   0.0 |  2332
               +---------+---------+-------+---------+---------+-------+---------
           D:1 |       0 |      16 |   0.0 |       0 |       9 |   0.0 |   375
           D:2 |       0 |     147 |   0.0 |       0 |      31 |   0.0 |   643
           D:3 |       0 |     135 |   0.0 |       0 |      32 |   0.0 |   443
           D:4 |       0 |     855 |   0.0 |       0 |      23 |   0.0 |   535
           D:5 |       0 |     204 |   0.0 |       0 |       8 |   0.0 |    58
       Ossuary |       0 |     291 |   0.0 |       0 |      13 |   0.0 |   278
               +---------+---------+-------+---------+---------+-------+---------
